[Event "World Senior chT-50 2019"]
[Site "Rhodes"]
[Date "2019.04.20"]
[Round "5.35"]
[White "Hrisanthopoulos, Dimitrios"]
[Black "Wolff, Peter"]
[Result "1/2-1/2"]
[ECO "B19"]
[WhiteElo "1995"]
[BlackElo "1893"]
[Annotator "NA"]
[PlyCount "81"]
[EventDate "2019.04.16"]
[EventType "team-tourn"]
[EventCountry "GRE"]
[SourceTitle "playchess.com"]
[Source "ChessBase"]
[SourceQuality "1"]
[WhiteTeam "Greece"]
[BlackTeam "Germany"]
[WhiteTeamCountry "GRE"]
[BlackTeamCountry "GER"]
[TimeControl "40/5400+30:1800+30"]

1. e4 c6 2. d4 d5 3. Nd2 dxe4 4. Nxe4 Bf5 5. Ng3 Bg6 6. h4 h6 7. Nf3 Nd7 8. h5 Bh7 9. Bd3 Bxd3 10. Qxd3 e6 11. Bd2 Ngf6 12. O-O-O Be7 13. Kb1 O-O 14. Ne4 Nxe4 15. Qxe4 Nf6 16. Qe2 Qd5 17. Be3 Qe4 18. Ne5 Nd5 19. Rhe1 Nxe3 20. Qxe3 Qxe3 21. Rxe3 Rad8 22. Rb3 Bf6 23. Rbd3 Rd6 24. Ng4 Rfd8 25. Nxf6+ gxf6 26. f4 f5 27. c3 c5 28. Kc2 cxd4 29. Rxd4 Rxd4 30. cxd4 Kf8 31. Kc3 Ke7 32. Re1 Rg8 33. Rg1 Rg3+ 34. Kc4 Kd6 35. a4 a6 36. a5 Kc6 37. b4 f6 38. Re1 Kd6 39. Rg1 Kc6 40. Re1 Kd6 41. Rg1 1/2-1/2

[Event "World Senior chT-50 2019"]
[Site "Rhodes"]
[Date "2019.04.20"]
[Round "5.36"]
[White "Theuer, Carsten"]
[Black "Papadimitriou, Loukas"]
[Result "0-1"]
[ECO "C47"]
[WhiteElo "1868"]
[BlackElo "1943"]
[Annotator "NA"]
[PlyCount "86"]
[EventDate "2019.04.16"]
[EventType "team-tourn"]
[EventCountry "GRE"]
[SourceTitle "playchess.com"]
[Source "ChessBase"]
[SourceQuality "1"]
[WhiteTeam "Germany"]
[BlackTeam "Greece"]
[WhiteTeamCountry "GER"]
[BlackTeamCountry "GRE"]
[TimeControl "40/5400+30:1800+30"]

1. e4 e5 2. Nf3 Nf6 3. Nc3 Nc6 4. d3 Bc5 5. Bg5 h6 6. Bh4 d6 7. h3 g5 8. Bg3 a6 9. Be2 Be6 10. a3 Ba7 11. Qd2 Qd7 12. Na2 O-O-O 13. c4 Nh5 14. Nc3 Nf4 15. Bxf4 gxf4 16. Bf1 Kb8 17. O-O-O Rhg8 18. Kb1 f6 19. Ne1 Nd4 20. Nf3 c6 21. Nxd4 Bxd4 22. f3 Qc7 23. Ne2 Bb6 24. Qc2 Qf7 25. b3 d5 26. Nc3 dxc4 27. bxc4 Ba5 28. Kb2 Qe7 29. Qa4 Qc5 30. Rb1 Rd7 31. Qb3 Qd4 32. a4 Rdg7 33. Rc1 h5 34. Rc2 h4 35. Kb1 Ka7 36. Ne2 Qe3 37. Nc3 Rb8 38. Rb2 Qe1+ 39. Nd1 b5 40. axb5 Rxb5 41. Qc2 Rxb2+ 42. Kxb2 Rb7+ 43. Ka2 Bb6 0-1

[Event "World Senior chT-50 2019"]
[Site "Rhodes"]
[Date "2019.04.20"]
[Round "5.37"]
[White "Braso, Jorge"]
[Black "Delaney, John"]
[Result "0-1"]
[ECO "B33"]
[WhiteElo "2098"]
[BlackElo "2156"]
[Annotator "NA"]
[PlyCount "138"]
[EventDate "2019.04.16"]
[EventType "team-tourn"]
[EventCountry "GRE"]
[SourceTitle "playchess.com"]
[Source "ChessBase"]
[SourceQuality "1"]
[WhiteTeam "Uruguay"]
[BlackTeam "Ireland"]
[WhiteTeamCountry "URU"]
[BlackTeamCountry "IRL"]
[TimeControl "40/5400+30:1800+30"]

1. e4 c5 2. Nf3 Nc6 3. d4 cxd4 4. Nxd4 Nf6 5. Nc3 e5 6. Ndb5 h6 7. Nd6+ Bxd6 8. Qxd6 Qe7 9. Qxe7+ Kxe7 10. Be3 d6 11. O-O-O Be6 12. f3 a6 13. Bb6 Rac8 14. a3 Nb8 15. Nd5+ Nxd5 16. exd5 Bf5 17. Bd3 Bxd3 18. Rxd3 Nd7 19. Bf2 b5 20. Re1 g5 21. Kd2 Rc7 22. c3 f5 23. g3 Rg8 24. g4 Rf8 25. h3 Kf6 26. h4 fxg4 27. fxg4 Kg6 28. Ke2 Rf4 29. hxg5 hxg5 30. Rh3 Nf6 31. Bb6 Rcc4 32. Reh1 Rxg4 33. Bd8 Nxd5 34. Rh6+ Kf5 35. Rxd6 Rg2+ 36. Kd1 Ne3+ 37. Kc1 Rf4 38. Re1 Rc2+ 39. Kb1 Rxb2+ 40. Kc1 Rc2+ 41. Kb1 Rxc3 42. Rf6+ Ke4 43. Rxa6 g4 44. Kb2 Rd3 45. Bh4 Kf3 46. Rg1 Rd1 47. Rg3+ Ke4 48. a4 Nf5 49. Rb3 bxa4 50. Rxa4+ Rd4 51. Rxd4+ Nxd4 52. Rb8 Nf5 53. Rb4+ Kf3 54. Rb3+ Kg2 55. Bf6 Nd6 56. Bh4 Rf3 57. Rb8 Rh3 58. Be7 Nc4+ 59. Kc1 g3 60. Rc8 Ne3 61. Kd2 Kf3 62. Rf8+ Ke4 63. Bc5 Rh2+ 64. Ke1 Rc2 65. Bb6 Rb2 66. Ba7 Ra2 67. Bb6 Ng2+ 68. Kf1 Nf4 69. Rc8 Kd5 0-1

[Event "World Senior chT-50 2019"]
[Site "Rhodes"]
[Date "2019.04.20"]
[Round "5.38"]
[White "MacElligott, Gerard"]
[Black "Escofet, Jaime"]
[Result "1/2-1/2"]
[ECO "A90"]
[WhiteElo "2025"]
[BlackElo "1970"]
[Annotator "NA"]
[PlyCount "84"]
[EventDate "2019.04.16"]
[EventType "team-tourn"]
[EventCountry "GRE"]
[SourceTitle "playchess.com"]
[Source "ChessBase"]
[SourceQuality "1"]
[WhiteTeam "Ireland"]
[BlackTeam "Uruguay"]
[WhiteTeamCountry "IRL"]
[BlackTeamCountry "URU"]
[TimeControl "40/5400+30:1800+30"]

1. d4 e6 2. c4 f5 3. g3 Nf6 4. Nf3 c6 5. Bg2 d5 6. O-O Bd6 7. Bf4 Bxf4 8. gxf4 O-O 9. e3 Nbd7 10. Nbd2 Ne4 11. Ne5 Nxe5 12. dxe5 Nxd2 13. Qxd2 b6 14. Rfd1 Bb7 15. Rac1 Qe7 16. b4 Rfd8 17. cxd5 cxd5 18. Bf1 Rac8 19. Be2 Qe8 20. Rxc8 Rxc8 21. Rc1 Rc6 22. a4 Qc8 23. Rxc6 Qxc6 24. Bb5 Qc8 25. a5 bxa5 26. bxa5 Qc5 27. Be2 Bc6 28. Qb2 Qxa5 29. Qb8+ Kf7 30. Bh5+ g6 31. Bf3 Be8 32. Qb7+ Kg8 33. Qe7 Bf7 34. h4 h5 35. Kg2 Qb6 36. Qg5 Kf8 37. Qf6 Qc7 38. Qh8+ Bg8 39. Qf6+ Qf7 40. Qd8+ Kg7 41. Be2 Qb7 42. Ba6 Qxa6 1/2-1/2

[Event "World Senior chT-50 2019"]
[Site "Rhodes"]
[Date "2019.04.20"]
[Round "5.39"]
[White "Durante, Aurelio"]
[Black "Lyons, Brendan"]
[Result "1-0"]
[ECO "B01"]
[WhiteElo "1955"]
[BlackElo "1976"]
[Annotator "NA"]
[PlyCount "83"]
[EventDate "2019.04.16"]
[EventType "team-tourn"]
[EventCountry "GRE"]
[SourceTitle "playchess.com"]
[Source "ChessBase"]
[SourceQuality "1"]
[WhiteTeam "Uruguay"]
[BlackTeam "Ireland"]
[WhiteTeamCountry "URU"]
[BlackTeamCountry "IRL"]
[TimeControl "40/5400+30:1800+30"]

1. e4 d5 2. exd5 Nf6 3. d4 Bg4 4. Nf3 Qxd5 5. Be2 e6 6. O-O Bd6 7. Re1 Nc6 8. c3 O-O-O 9. Nbd2 Bf4 10. Nf1 Bxc1 11. Qxc1 h5 12. h3 Bf5 13. Ne3 Qd7 14. Nxf5 exf5 15. Bb5 Qd6 16. Ne5 Nxe5 17. dxe5 Qc5 18. exf6 Qxb5 19. fxg7 Rh7 20. a4 Qc6 21. Qf4 Rxg7 22. Qxf5+ Kb8 23. Qe4 Qg6 24. Rad1 Rc8 25. Rd7 a6 26. Qxg6 Rxg6 27. Rxf7 h4 28. Kh2 a5 29. Rf4 Rcg8 30. Rg1 Rh8 31. g4 hxg3+ 32. fxg3 Re8 33. Rg2 Re1 34. h4 Rh6 35. Kh3 Rg6 36. h5 Rg5 37. g4 Rge5 38. g5 R5e3+ 39. Kg4 Rh1 40. g6 Re8 41. g7 Rg8 42. Rf8+ 1-0

[Event "World Senior chT-50 2019"]
[Site "Rhodes"]
[Date "2019.04.20"]
[Round "5.40"]
[White "Matthews, Gabriel"]
[Black "Barboza, Mauro"]
[Result "1/2-1/2"]
[ECO "D37"]
[WhiteElo "1782"]
[BlackElo "1873"]
[Annotator "NA"]
[PlyCount "199"]
[EventDate "2019.04.16"]
[EventType "team-tourn"]
[EventCountry "GRE"]
[SourceTitle "playchess.com"]
[Source "ChessBase"]
[SourceQuality "1"]
[WhiteTeam "Ireland"]
[BlackTeam "Uruguay"]
[WhiteTeamCountry "IRL"]
[BlackTeamCountry "URU"]
[TimeControl "40/5400+30:1800+30"]

1. d4 Nf6 2. Nf3 e6 3. Bf4 d5 4. e3 Be7 5. c4 O-O 6. Nc3 c6 7. Rc1 Nbd7 8. h3 dxc4 9. Bxc4 Nb6 10. Be2 Nfd5 11. Bh2 Bd6 12. O-O Bxh2+ 13. Kxh2 Kh8 14. a3 Qe7 15. Qc2 f6 16. Bd3 g6 17. Rfd1 e5 18. dxe5 fxe5 19. Be4 Nf6 20. Kg1 Nbd7 21. Bd3 Nc5 22. Ne4 Nxd3 23. Qxd3 Nd5 24. Qe2 Bf5 25. Nfd2 Rae8 26. Qc4 Bc8 27. Qe2 Rf7 28. Rf1 Ref8 29. Qc4 Be6 30. Qe2 Qh4 31. Rcd1 Rf5 32. Ng3 R5f7 33. Nge4 Nf6 34. Nxf6 Rxf6 35. e4 Qg5 36. Kh2 Qh4 37. f3 g5 38. Nb1 g4 39. Nd2 gxh3 40. g3 Qh5 41. Qe3 b6 42. Qc3 Qg5 43. Rf2 Kg8 44. Rg1 Bg4 45. Rgf1 Bc8 46. Rg1 Qh5 47. Qe3 Ba6 48. Rc1 Rd6 49. Rc3 Rfd8 50. Nc4 Rd4 51. g4 Qh4 52. Nxe5 Qf6 53. f4 c5 54. g5 Qe6 55. Qg3 Rxe4 56. Ng4 Re2 57. Nf6+ Kh8 58. Rc2 Re1 59. Rcd2 Rxd2 60. Rxd2 Re2+ 61. Rxe2 Qxe2+ 62. Kxh3 Bc8+ 63. f5 Bxf5+ 64. Kh4 Qc4+ 65. Kh5 Qf7+ 66. Kh4 Qb7 67. Qe1 Qb8 68. Qd2 Qc7 69. Nh5 Qd7 70. Qc3+ Qd4+ 71. Kg3 Qxc3+ 72. bxc3 Kg8 73. Kf4 Bd3 74. Ke5 Kf7 75. Kd6 Be4 76. Nf4 Ke8 77. Ne6 Bg2 78. Nf4 Bf3 79. Ne6 Bg4 80. Nf4 Kd8 81. g6 hxg6 82. Nxg6 Kc8 83. Ne5 Be2 84. Kc6 Bf1 85. Kd6 Kb7 86. Nd7 c4 87. Ne5 Ka6 88. Kd5 Kb5 89. Nf7 Ka4 90. Nd6 Kxa3 91. Nc8 b5 92. Nxa7 b4 93. Nb5+ Kb3 94. cxb4 Kxb4 95. Nd4 c3 96. Nc2+ Kb3 97. Ne3 Bd3 98. Kc5 Bg6 99. Kb5 Bf7 100. Kc5 1/2-1/2

[Event "World Senior chT-50 2019"]
[Site "Rhodes"]
[Date "2019.04.21"]
[Round "6.1"]
[White "Benjamin, Joel"]
[Black "Olafsson, Helgi"]
[Result "1/2-1/2"]
[ECO "B12"]
[WhiteElo "2523"]
[BlackElo "2506"]
[Annotator "ChessBase"]
[PlyCount "107"]
[EventDate "2019.04.16"]
[EventType "team-tourn"]
[EventCountry "GRE"]
[SourceTitle "playchess.com"]
[Source "ChessBase"]
[SourceQuality "1"]
[WhiteTeam "United States"]
[BlackTeam "Iceland"]
[WhiteTeamCountry "USA"]
[BlackTeamCountry "ISL"]
[TimeControl "40/5400+30:1800+30"]

1. e4 c6 2. d4 d5 3. e5 Bf5 4. h4 h5 5. Bd3 Bxd3 6. Qxd3 e6 7. Bg5 Qa5+ 8. Nd2 Qa6 9. c4 Ne7 10. Ngf3 Nf5 11. O-O Nd7 12. Rfc1 dxc4 13. Nxc4 Nb6 14. b3 Ba3 15. Rc2 Nd5 16. Qe4 Be7 17. Bxe7 Ndxe7 18. Nd6+ Nxd6 19. exd6 Nf5 20. d7+ Kxd7 21. Ne5+ Ke8 22. Nxc6 Qb6 23. Re1 bxc6 24. Rxc6 Qxd4 25. Qxf5 Rh6 26. Qb5 Kf8 27. Qc5+ Qxc5 28. Rxc5 a5 29. a4 Ke7 30. Ree5 Rhh8 31. Rxa5 Rxa5 32. Rxa5 Rb8 33. Rxh5 Rxb3 34. Rb5 Ra3 35. a5 f5 36. g3 Kf6 37. Kg2 g5 38. Rc5 gxh4 39. gxh4 f4 40. h5 e5 41. h6 Kg6 42. Rxe5 Kxh6 43. Rc5 Kg6 44. Rb5 Kf6 45. Rb6+ Kf5 46. a6 Ke5 47. f3 Kd5 48. Kf2 Ra2+ 49. Kf1 Kd4 50. Re6 Kd5 51. Re4 Rxa6 52. Kg2 Rg6+ 53. Kh2 Rh6+ 54. Kg2 {[%emt 0:00:38] Ke5 [%emt 00:00:30]} 1/2-1/2

[Event "World Senior chT-50 2019"]
[Site "Rhodes"]
[Date "2019.04.21"]
[Round "6.2"]
[White "Hjartarson, Johann"]
[Black "Novikov, Igor"]
[Result "1-0"]
[ECO "B80"]
[WhiteElo "2520"]
[BlackElo "2563"]
[Annotator "ChessBase"]
[PlyCount "77"]
[EventDate "2019.04.16"]
[EventType "team-tourn"]
[EventCountry "GRE"]
[SourceTitle "playchess.com"]
[Source "ChessBase"]
[SourceQuality "1"]
[WhiteTeam "Iceland"]
[BlackTeam "United States"]
[WhiteTeamCountry "ISL"]
[BlackTeamCountry "USA"]
[TimeControl "40/5400+30:1800+30"]

1. e4 c5 2. Nf3 d6 3. d4 cxd4 4. Nxd4 Nf6 5. Nc3 a6 6. Be3 e6 7. f3 b5 8. Qd2 Nbd7 9. g4 h6 10. h4 Bb7 11. O-O-O b4 12. Na4 d5 13. Bh3 g5 14. hxg5 hxg5 15. Bxg5 dxe4 16. Bxf6 Nxf6 17. g5 exf3 18. Qf4 Bd6 19. Qxf6 Qxf6 20. gxf6 O-O-O 21. c3 f2 22. Bxe6+ fxe6 23. Rhf1 Bf4+ 24. Kc2 Be4+ 25. Kb3 Bg3 26. Nc5 Bg2 27. Ncxe6 Rd6 28. Kxb4 Bxf1 29. Rxf1 Kd7 30. Nc5+ Ke8 31. Ne4 Rb6+ 32. Kc5 Rxb2 33. Nxg3 Rxa2 34. Ne4 Kf7 35. Nxf2 Rc8+ 36. Kd6 Kxf6 37. Ne4+ Kg6 38. Rg1+ Kh5 39. Nf5 1-0

[Event "World Senior chT-50 2019"]
[Site "Rhodes"]
[Date "2019.04.21"]
[Round "6.4"]
[White "Thorhallsson, Throstur"]
[Black "Yermolinsky, Alex"]
[Result "1/2-1/2"]
[ECO "B19"]
[WhiteElo "2425"]
[BlackElo "2508"]
[Annotator "ChessBase"]
[PlyCount "65"]
[EventDate "2019.04.16"]
[EventType "team-tourn"]
[EventCountry "GRE"]
[SourceTitle "playchess.com"]
[Source "ChessBase"]
[SourceQuality "1"]
[WhiteTeam "Iceland"]
[BlackTeam "United States"]
[WhiteTeamCountry "ISL"]
[BlackTeamCountry "USA"]
[TimeControl "40/5400+30:1800+30"]

1. e4 c6 2. d4 d5 3. Nc3 dxe4 4. Nxe4 Bf5 5. Ng3 Bg6 6. h4 h6 7. Nf3 Nd7 8. h5 Bh7 9. Bd3 Bxd3 10. Qxd3 e6 11. Bf4 Qa5+ 12. Bd2 Bb4 13. c3 Be7 14. a3 Ngf6 15. Qe2 O-O 16. Ne5 Rfd8 17. b4 Qd5 18. f4 a5 19. O-O axb4 20. axb4 Rxa1 21. Rxa1 Bxb4 22. Rb1 Bf8 23. Rxb7 c5 24. Rb5 Qa2 25. Nf3 cxd4 26. cxd4 Nd5 27. Ra5 Qb1+ 28. Kh2 N7f6 29. Ne5 Qb6 30. Nxf7 Kxf7 31. Ra6 Ng4+ 32. Kh3 Nf2+ 33. Kh2 1/2-1/2

[Event "World Senior chT-50 2019"]
[Site "Rhodes"]
[Date "2019.04.21"]
[Round "6.5"]
[White "Speelman, Jon S"]
[Black "Vaganian, Rafael A"]
[Result "1/2-1/2"]
[ECO "D41"]
[WhiteElo "2509"]
[BlackElo "2535"]
[Annotator "ChessBase"]
[PlyCount "65"]
[EventDate "2019.04.16"]
[EventType "team-tourn"]
[EventCountry "GRE"]
[SourceTitle "playchess.com"]
[Source "ChessBase"]
[SourceQuality "1"]
[WhiteTeam "England"]
[BlackTeam "Armenia"]
[WhiteTeamCountry "ENG"]
[BlackTeamCountry "ARM"]
[TimeControl "40/5400+30:1800+30"]

1. c4 c5 2. Nf3 Nf6 3. Nc3 d5 4. cxd5 Nxd5 5. d4 e6 6. e4 Nxc3 7. bxc3 cxd4 8. cxd4 Bb4+ 9. Bd2 Bxd2+ 10. Qxd2 O-O 11. Bc4 b6 12. O-O Bb7 13. Rfe1 Nd7 14. Rad1 Rc8 15. Bb3 h6 16. h3 Re8 17. Re3 Nf6 18. Qe2 Qc7 19. Ne5 b5 20. Ng4 Nxe4 21. Rxe4 Bxe4 22. Qxe4 a5 23. d5 f5 24. d6 fxe4 25. dxc7 Rxc7 26. Rd6 Rc1+ 27. Kh2 Kf7 28. Ne5+ Kf6 29. Ng4+ Kf7 30. Ne5+ Kf6 31. Ng4+ Kf5 32. Rb6 Rc5 33. Rd6 {[%emt 0:00:07] Ke5 [%emt 00:00:02]} 1/2-1/2

[Event "World Senior chT-50 2019"]
[Site "Rhodes"]
[Date "2019.04.21"]
[Round "6.6"]
[White "Minasian, Artashes"]
[Black "Arkell, Keith C"]
[Result "1/2-1/2"]
[ECO "A08"]
[WhiteElo "2472"]
[BlackElo "2467"]
[Annotator "ChessBase"]
[PlyCount "93"]
[EventDate "2019.04.16"]
[EventType "team-tourn"]
[EventCountry "GRE"]
[SourceTitle "playchess.com"]
[Source "ChessBase"]
[SourceQuality "1"]
[WhiteTeam "Armenia"]
[BlackTeam "England"]
[WhiteTeamCountry "ARM"]
[BlackTeamCountry "ENG"]
[TimeControl "40/5400+30:1800+30"]

1. e4 e6 2. d3 d5 3. Nd2 c5 4. Ngf3 Nc6 5. g3 g6 6. Bg2 Bg7 7. O-O Nge7 8. Re1 f6 9. exd5 exd5 10. d4 c4 11. b3 cxb3 12. axb3 O-O 13. Ba3 Re8 14. c4 Bg4 15. h3 Bxf3 16. Nxf3 Qd7 17. Qd2 Rad8 18. c5 Nf5 19. g4 Bh6 20. Qd3 Ng7 21. b4 a6 22. b5 axb5 23. Qxb5 Rxe1+ 24. Rxe1 Ne6 25. Bb2 Nf4 26. Bf1 Ne6 27. Bc3 Re8 28. Rb1 Re7 29. Qb3 Bg7 30. Qd1 h5 31. gxh5 Nf4 32. Kh2 Nxh5 33. Bd2 Kh7 34. Bd3 Qc7+ 35. Kh1 Nf4 36. Qf1 Bh6 37. Bc2 Qc8 38. Bxf4 Bxf4 39. Qg2 Qe8 40. Qg4 Bh6 41. Rg1 f5 42. Bxf5 gxf5 43. Qxf5+ Kh8 44. Nh4 Re1 45. Qf6+ Kh7 46. Qf5+ Kh8 47. Qf6+ 1/2-1/2

[Event "World Senior chT-50 2019"]
[Site "Rhodes"]
[Date "2019.04.21"]
[Round "6.7"]
[White "Emms, John M"]
[Black "Movsziszian, Karen"]
[Result "1-0"]
[ECO "B08"]
[WhiteElo "2474"]
[BlackElo "2485"]
[Annotator "ChessBase"]
[PlyCount "79"]
[EventDate "2019.04.16"]
[EventType "team-tourn"]
[EventCountry "GRE"]
[SourceTitle "playchess.com"]
[Source "ChessBase"]
[SourceQuality "1"]
[WhiteTeam "England"]
[BlackTeam "Armenia"]
[WhiteTeamCountry "ENG"]
[BlackTeamCountry "ARM"]
[TimeControl "40/5400+30:1800+30"]

1. e4 d6 2. d4 Nf6 3. Nc3 g6 4. Nf3 Bg7 5. Be3 c6 6. Qd2 b5 7. Bd3 Bg4 8. Ng1 e5 9. dxe5 dxe5 10. h3 Be6 11. Nf3 Nbd7 12. Ng5 Qe7 13. Nxe6 Qxe6 14. a4 b4 15. Nd1 a5 16. O-O O-O 17. b3 Qe7 18. Nb2 Nc5 19. f3 Rfd8 20. Qf2 Ne6 21. Bc4 Nd4 22. Rad1 Rd7 23. Bxd4 exd4 24. Qh4 h6 25. Nd3 g5 26. Qf2 Nh5 27. f4 gxf4 28. Nxf4 Nf6 29. Rde1 Qe5 30. Nd3 Qc7 31. Qh4 Nh7 32. e5 Ng5 33. Qh5 Re7 34. h4 Nh7 35. Rf5 Nf8 36. Ref1 Ra7 37. R1f3 Kh8 38. Rxf7 Rxf7 39. Rxf7 Qb6 40. Qf5 1-0

[Event "World Senior chT-50 2019"]
[Site "Rhodes"]
[Date "2019.04.21"]
[Round "6.9"]
[White "Wallner, Joachim"]
[Black "Garcia Palermo, Carlos"]
[Result "1/2-1/2"]
[ECO "B12"]
[WhiteElo "2271"]
[BlackElo "2407"]
[Annotator "NA"]
[PlyCount "41"]
[EventDate "2019.04.16"]
[EventType "team-tourn"]
[EventCountry "GRE"]
[SourceTitle "playchess.com"]
[Source "ChessBase"]
[SourceQuality "1"]
[WhiteTeam "Austria"]
[BlackTeam "Italy"]
[WhiteTeamCountry "AUT"]
[BlackTeamCountry "ITA"]
[TimeControl "40/5400+30:1800+30"]

1. e4 c6 2. d4 d5 3. e5 Bf5 4. Nd2 e6 5. Nb3 Nd7 6. Nf3 Bg6 7. Be2 a5 8. a4 Bb4+ 9. c3 Be7 10. O-O Nh6 11. Bxh6 gxh6 12. Qd2 h5 13. Nc1 O-O 14. Nd3 b5 15. b3 Kg7 16. Nf4 bxa4 17. bxa4 Rb8 18. h4 Rb3 19. Ng5 Bxg5 20. hxg5 h4 21. Bd1 1/2-1/2

[Event "World Senior chT-50 2019"]
[Site "Rhodes"]
[Date "2019.04.21"]
[Round "6.10"]
[White "Mariotti, Sergio"]
[Black "Denk, Adolf"]
[Result "1/2-1/2"]
[ECO "A31"]
[WhiteElo "2280"]
[BlackElo "2255"]
[Annotator "NA"]
[PlyCount "31"]
[EventDate "2019.04.16"]
[EventType "team-tourn"]
[EventCountry "GRE"]
[SourceTitle "playchess.com"]
[Source "ChessBase"]
[SourceQuality "1"]
[WhiteTeam "Italy"]
[BlackTeam "Austria"]
[WhiteTeamCountry "ITA"]
[BlackTeamCountry "AUT"]
[TimeControl "40/5400+30:1800+30"]

1. d4 Nf6 2. Nf3 c5 3. c4 cxd4 4. Nxd4 Nc6 5. Nc3 d5 6. cxd5 Nxd5 7. Nxc6 bxc6 8. Bd2 e5 9. e4 Nb6 10. Qc2 Bc5 11. Nd1 Qe7 12. Rc1 Nd7 13. Be3 Bxe3 14. Nxe3 Qb4+ 15. Qc3 Qxe4 16. Qxc6 1/2-1/2

[Event "World Senior chT-50 2019"]
[Site "Rhodes"]
[Date "2019.04.21"]
[Round "6.11"]
[White "Druckenthaner, Andreas"]
[Black "Bellia, Fabrizio"]
[Result "1/2-1/2"]
[ECO "C44"]
[WhiteElo "2304"]
[BlackElo "2447"]
[Annotator "NA"]
[PlyCount "83"]
[EventDate "2019.04.16"]
[EventType "team-tourn"]
[EventCountry "GRE"]
[SourceTitle "playchess.com"]
[Source "ChessBase"]
[SourceQuality "1"]
[WhiteTeam "Austria"]
[BlackTeam "Italy"]
[WhiteTeamCountry "AUT"]
[BlackTeamCountry "ITA"]
[TimeControl "40/5400+30:1800+30"]

1. e4 e5 2. Nf3 Nc6 3. g3 Nf6 4. d3 Bc5 5. Bg2 O-O 6. O-O d6 7. c3 a6 8. Nbd2 Ba7 9. Nc4 Be6 10. Ne3 h6 11. Nh4 d5 12. Qf3 dxe4 13. dxe4 Bxe3 14. Qxe3 Qd7 15. Qe2 Rad8 16. Be3 Qd3 17. Qxd3 Rd6 18. Qd4 Rxd4 19. Rfe1 Rd7 20. h3 a5 21. Kh2 Re8 22. Bf3 Red8 23. g4 Nh7 24. Nf5 a4 25. Be2 Rb8 26. Red1 Rxd1 27. Rxd1 b5 28. a3 Nf6 29. f3 h5 30. Kg2 hxg4 31. hxg4 g6 32. Bg5 Nd7 33. Ne3 f6 34. Bh4 g5 35. Bf2 Na5 36. Nd5 Rb7 37. Nb4 Kf7 38. Na6 Nc4 39. Rxd7+ Bxd7 40. Nc5 Bc6 41. Nxb7 Bxb7 42. Bxc4+ 1/2-1/2

[Event "World Senior chT-50 2019"]
[Site "Rhodes"]
[Date "2019.04.21"]
[Round "6.12"]
[White "Bruno, Fabio"]
[Black "Ernst, Michael"]
[Result "1-0"]
[ECO "D41"]
[WhiteElo "2433"]
[BlackElo "2184"]
[Annotator "NA"]
[PlyCount "49"]
[EventDate "2019.04.16"]
[EventType "team-tourn"]
[EventCountry "GRE"]
[SourceTitle "playchess.com"]
[Source "ChessBase"]
[SourceQuality "1"]
[WhiteTeam "Italy"]
[BlackTeam "Austria"]
[WhiteTeamCountry "ITA"]
[BlackTeamCountry "AUT"]
[TimeControl "40/5400+30:1800+30"]

1. d4 d5 2. c4 e6 3. Nc3 Nf6 4. cxd5 Nxd5 5. Nf3 c5 6. e3 Nc6 7. Bc4 cxd4 8. exd4 Be7 9. O-O O-O 10. Re1 Nxc3 11. bxc3 b6 12. Bd3 Bb7 13. h4 Bxh4 14. Nxh4 Qxh4 15. Re3 h6 16. Rh3 Qf6 17. Qg4 g6 18. Bxh6 Rfc8 19. Bg5 Qg7 20. Qh4 f5 21. Bf6 g5 22. Rg3 Qxf6 23. Rxg5+ Qxg5 24. Qxg5+ Kf7 25. Be2 1-0

[Event "World Senior chT-50 2019"]
[Site "Rhodes"]
[Date "2019.04.21"]
[Round "6.13"]
[White "Soffer, Ram"]
[Black "Grabuzova, Tatiana"]
[Result "1-0"]
[ECO "D34"]
[WhiteElo "2486"]
[BlackElo "2323"]
[Annotator "ChessBase"]
[PlyCount "105"]
[EventDate "2019.04.16"]
[EventType "team-tourn"]
[EventCountry "GRE"]
[SourceTitle "playchess.com"]
[Source "ChessBase"]
[SourceQuality "1"]
[WhiteTeam "Israel"]
[BlackTeam "Russia"]
[WhiteTeamCountry "ISR"]
[BlackTeamCountry "RUS"]
[TimeControl "40/5400+30:1800+30"]

1. g3 e6 2. Bg2 d5 3. Nf3 c5 4. O-O Nf6 5. c4 Be7 6. cxd5 exd5 7. d4 Nc6 8. dxc5 Bxc5 9. Bg5 O-O 10. Nc3 d4 11. Bxf6 Qxf6 12. Nd5 Qd8 13. Nd2 Re8 14. Rc1 Bf8 15. Nb3 Be6 16. Nf4 Qb6 17. Bxc6 Bxb3 18. Qxb3 bxc6 19. Qxb6 axb6 20. Rxc6 Rxa2 21. Rxb6 g5 22. Nd3 Rxe2 23. Rd1 Rc2 24. Rb5 h6 25. Kg2 Ra8 26. Kf3 Bg7 27. Kg4 Re8 28. h4 gxh4 29. Kxh4 Ree2 30. Kg4 Red2 31. Rxd2 Rxd2 32. Rb3 Kf8 33. Kf5 Ke7 34. g4 Kd6 35. Ke4 Re2+ 36. Kf3 Rd2 37. Rb6+ Kc7 38. Rb3 Kd6 39. Nf4 Be5 40. Nd3 Bg7 41. Ke4 Re2+ 42. Kf5 Rd2 43. f3 Kd5 44. Nf4+ Kc4 45. Rb7 d3 46. Rc7+ Kb3 47. Ke4 Bxb2 48. Nxd3 Re2+ 49. Kf5 Ba3 50. Nc1+ Bxc1 51. Rxc1 Rh2 52. Rc7 h5 53. g5 1-0

[Event "World Senior chT-50 2019"]
[Site "Rhodes"]
[Date "2019.04.21"]
[Round "6.14"]
[White "Kozlovskaya, Valentina"]
[Black "Manor, Ilan"]
[Result "0-1"]
[ECO "D40"]
[WhiteElo "2161"]
[BlackElo "2461"]
[Annotator "ChessBase"]
[PlyCount "70"]
[EventDate "2019.04.16"]
[EventType "team-tourn"]
[EventCountry "GRE"]
[SourceTitle "playchess.com"]
[Source "ChessBase"]
[SourceQuality "1"]
[WhiteTeam "Russia"]
[BlackTeam "Israel"]
[WhiteTeamCountry "RUS"]
[BlackTeamCountry "ISR"]
[TimeControl "40/5400+30:1800+30"]

1. c4 Nf6 2. Nc3 e6 3. e3 d5 4. Nf3 c5 5. d4 Nc6 6. a3 a6 7. dxc5 Bxc5 8. b4 Ba7 9. Be2 O-O 10. O-O Qe7 11. Qc2 dxc4 12. Bxc4 b5 13. Bd3 Bb7 14. Bb2 Rac8 15. Rad1 Bb8 16. Qe2 Ne5 17. Nxe5 Bxe5 18. Nb1 Qc7 19. Bxe5 Qxe5 20. f4 Qc7 21. h3 e5 22. Bf5 Rce8 23. Rc1 Qb6 24. Qf2 g6 25. Bc2 exf4 26. exf4 Re3 27. Nc3 Qd4 28. Bd1 Rfe8 29. Rc2 Kg7 30. Kh2 Qd3 31. Bg4 h5 32. Rd1 hxg4 33. Rxd3 Rxd3 34. Ne2 gxh3 35. gxh3 Ng4+ 0-1

[Event "World Senior chT-50 2019"]
[Site "Rhodes"]
[Date "2019.04.21"]
[Round "6.15"]
[White "Kaspi, Alexander"]
[Black "Fatalibekova, Elena"]
[Result "1-0"]
[ECO "E32"]
[WhiteElo "2452"]
[BlackElo "2148"]
[Annotator "ChessBase"]
[PlyCount "101"]
[EventDate "2019.04.16"]
[EventType "team-tourn"]
[EventCountry "GRE"]
[SourceTitle "playchess.com"]
[Source "ChessBase"]
[SourceQuality "1"]
[WhiteTeam "Israel"]
[BlackTeam "Russia"]
[WhiteTeamCountry "ISR"]
[BlackTeamCountry "RUS"]
[TimeControl "40/5400+30:1800+30"]

1. d4 Nf6 2. c4 e6 3. Nc3 Bb4 4. Qc2 b6 5. a3 Bxc3+ 6. Qxc3 Bb7 7. Bg5 h6 8. Bh4 d6 9. e3 g5 10. Bg3 Ne4 11. Qc2 Nd7 12. f3 Nxg3 13. hxg3 Qf6 14. Ne2 h5 15. Nc3 Ke7 16. O-O-O Qg7 17. e4 a6 18. Qd2 h4 19. g4 Rad8 20. b4 Qf6 21. Qe3 Qf4 22. Qxf4 gxf4 23. Ne2 e5 24. d5 a5 25. Kb2 axb4 26. axb4 Ra8 27. Nc3 c5 28. dxc6 Bxc6 29. Bd3 Nf8 30. Rh2 Ng6 31. Bc2 Ra7 32. Ra1 Rxa1 33. Kxa1 Kd7 34. Kb2 Kc7 35. Rh1 Ra8 36. Bb3 f6 37. b5 Bb7 38. c5 dxc5 39. Bf7 Nh8 40. Be6 Ng6 41. Bf5 Ne7 42. Rxh4 Nxf5 43. Rh7+ Kb8 44. exf5 Ka7 45. Ne4 Rd8 46. Kc3 Kb8 47. Nxf6 Bc8 48. Re7 Rd1 49. Rxe5 Rg1 50. Ne4 Rxg2 51. f6 1-0